AoeStats
← Braggy26564

Black Forest

503904428Analyzed
2v2 RM · 1mo ago on Sep 2, 2026· 35m 54s· 4 players
Game mode
Random Map
Map size
Medium (4 player)
Population
200
Speed
Normal
Resources
Standard
Victory
Conquest
Starting age
Dark Age
Ending age
Imperial Age
RankedLock teamsTeams togetherTeam positionsShared explorationLock speedFull tech treeHidden civsTurbo modeCheats
Victory
Defeat
🇪🇸 Teutons · Spain
610
+15
🇪🇸 Saracens · Spain
603
+15
🇬🇧 Slavs · United Kingdom
602
-16
🇵🇪 Italians · Peru
573
-14
D9SL8420
16:44 Feudal Age
18:03 Wheelbarrow
29:21 Castle Age
27:24 Loom
32:20 Hand Cart
Braggy26564
15:15 Feudal Age
16:56 Wheelbarrow
23:19 Castle Age
21:36 Horse Collar
21:44 Double-Bit Axe
21:53 Gold Mining
22:58 Forging
24:29 Hand Cart
26:18 Pikeman
29:57 Husbandry
35:18 Imperial Age
35:14 Man-at-Arms
Javijedi
2:16 Loom
14:07 Feudal Age
16:37 Double-Bit Axe
16:53 Gold Mining
19:17 Wheelbarrow
24:45 Castle Age
25:06 Stone Mining
26:13 Hand Cart
26:48 Gold Shaft Mining
28:51 Forging
28:35 Fletching
28:50 Padded Archer Armor
28:51 Scale Mail Armor
28:58 Scale Barding Armor
30:44 Iron Casting
30:07 Bodkin Arrow
fjclass
2:05 Loom
13:10 Feudal Age
13:55 Double-Bit Axe
15:13 Horse Collar
16:41 Wheelbarrow
24:47 Castle Age
26:45 Fletching
27:08 Forging
30:54 Iron Casting
30:20 Scale Mail Armor
30:18 Bodkin Arrow
31:58 Squires
34:08 Chain Mail Armor
Connection lost

Rejoining the realm…

Still unreachable

The connection could not be restored.

Session expired

The server has moved on; the page needs a fresh start.